 Dungeon Crawl Stone Soup version 0.29-a0-857-g9b1aa3ac5b (webtiles) character file.

Game seed: 16018047130469631483

875 mcwallace the Grave Robber (level 8, -1/40 HPs)
             Began as a Vine Stalker Necromancer on July 16, 2022.
             Was an Initiate of Ashenzari.
             Slain by a black bear (2 damage)
             ... on level 6 of the Dungeon.
             The game lasted 00:20:44 (6619 turns).

mcwallace the Grave Robber (VSNe)                   Turns: 6619, Time: 00:20:45

Health: -1/40      AC: -4    Str: 11    XL:     8   Next: 4%
Magic:  0/15       EV: 12    Int: 17    God:    Ashenzari [......]
Gold:   186        SH:  5    Dex: 15    Spells: 12/16 levels left

rFire   . . .      SeeInvis .   m - +0 short sword {short}
rCold   . . .      Faith    .   a - +0 buckler
rNeg    . . .      Spirit   +   l - +0 leather armour of Curses and Power {Evo, Bglg} (curse)
rPois   .          Reflect  .   n - +0 helmet
rElec   .          Harm     .   v - scarf {repulsion}
rCorr   .          Rampage  .   (no gloves)
Will    +....                   (no boots)
Stlth   ++........              (no amulet)
HPRegen 0.93/turn               (no ring)
MPRegen 0.14/turn               (no ring)

@: corroded, repel missiles
A: fangs 3, regeneration 1, magic shield, antimagic bite, no potion heal 2
a: Renounce Religion, Shatter the Chains


You were on level 6 of the Dungeon.
You worshipped Ashenzari.
Ashenzari was noncommittal.
You visited 2 branches of the dungeon, and saw 7 of its levels.

You collected 271 gold pieces.
You spent 85 gold pieces at shops.


Innate Abilities, Weirdness & Mutations

You have razor-sharp teeth.
Your natural rate of healing is unusually fast.
When hurt, damage is shared between your health and your magic reserves.
Your bite disrupts and absorbs the magic of your enemies.
Potions cannot restore your health.


   Skills:
 + Level 3.4 Fighting
 + Level 3.6 Dodging
 - Level 2.4 Stealth
 + Level 2.8 Shields
 + Level 4.5 Spellcasting
 + Level 5.6 Necromancy


You had 12 spell levels left.
You knew the following spells:

 Your Spells              Type           Power      Damage    Failure   Level
a - Necrotise             Necr           92%        1d8       2%          1
b - Vampiric Draining     Necr           23%        2d7       8%          3

Your spell library contained the following spells:

 Spells                   Type           Power      Damage    Failure   Level
 Sandblast                Erth           6%         2d5       26%         1
 Animate Dead             Necr           23%        N/A       26%         4
 Passwall                 Tmut/Erth      2%         N/A       36%         2
 Agony                    Necr           23%        N/A       56%         5
 Stone Arrow              Conj/Erth      6%         3d7       61%         3
 Borgnjor's Vile Clutch   Necr/Erth      6%         N/A       92%         5
 Alistair's Intoxication  Tmut/Pois      2%         N/A       100%        5
 Eringya's Noxious Bog    Tmut/Pois      1%         N/A       100%        6

Inventory:

Hand Weapons
 c - a +0 club {mace}
   (You took it off a kobold on level 1 of the Dungeon)
 f - a +0 dagger {short}
   (You took it off a goblin on level 1 of the Dungeon)
 m - a +0 short sword (weapon) {short}
   (You found it on level 1 of the Dungeon)
 o - a +0 mace {mace}
   (You took it off Robin on level 2 of the Dungeon)
Missiles
 j - 4 javelins {throwing}
 k - 58 stones {throwing}
 p - 5 boomerangs {throwing}
 t - 7 poisoned darts {throwing}
 A - a throwing net {=f!fthrowing}
Armour
 a - a +0 buckler (worn)
   (You bought it in a shop on level 3 of the Dungeon)
 b - a +0 animal skin
   (You took it off Robin on level 2 of the Dungeon)
 h - a +0 chain mail
   (You took it off an orc on level 4 of the Dungeon)
 l - the cursed +0 leather armour of Curses and Power (worn) {Evo, Bglg}
   (You found it on level 1 of the Dungeon)

   It has a curse which improves the following skills: Evocations: Evocations.
   Beguiling: Conjurations, Hexes and Translocations.
 n - a +0 helmet (worn)
   (You took it off Robin on level 2 of the Dungeon)
 q - a +0 robe
   (You took it off an orc wizard on level 4 of the Dungeon)
 u - a +0 robe
   (You found it on level 4 of the Dungeon)
 v - a scarf of repulsion (worn)
   (You found it on level 4 of the Dungeon)
 z - a +0 kite shield
   (You found it on level 3 of the Dungeon)
 C - a +0 ring mail
   (You found it on level 4 of the Dungeon)
 D - a +0 ring mail
   (You found it on level 4 of the Dungeon)
 H - a +0 ring mail
   (You found it on level 5 of the Dungeon)
 I - a +0 robe
   (You found it on level 5 of the Dungeon)
 J - a +0 leather armour
   (You found it on level 5 of the Dungeon)
 K - a +0 ring mail
   (You found it on level 5 of the Dungeon)
Wands
 B - a wand of flame (4)
   (You found it on level 4 of the Dungeon)
Scrolls
 e - 3 scrolls of fog
 g - 2 scrolls of amnesia
 i - a scroll of silence {!r}
 w - a scroll of torment {!r}
 y - 2 scrolls of teleportation {@r4}
 E - a scroll of brand weapon
Potions
 d - 4 potions of curing {@q1}
 r - 4 potions of heal wounds {@q2}
 s - a potion of resistance
 x - a potion of ambrosia {unknown}
 G - a potion of flight {unknown}

Dungeon Overview and Level Annotations

Branches:
Dungeon (6/15) Zot: 26818  Temple (1/1) D:4 Zot: 5782

Altars:
Ashenzari
Cheibriados
Dithmenos
Elyvilon
Fedhas
Hepliaklqana
Kikubaaqudgha
Makhleb
Okawaru
Ru
Sif Muna
Uskayaw
Vehumet
Wu Jian
Xom
Yredelemnul
Zin
The Shining One

Shops:
D:3 *

Annotations:
D:2 Terence
D:5 exclusion: statue

##### ##### #...# #...#
#.#.#
######...#####<#.#
#..............#.#
#.#.........##.#.#
#.#J#.......##...#
#.#@#.......##..##
#†#h#.......##..# #
#.#Y#.#.#.#.##..#
.##.##.#5#...#.#......
.........h.............
......................
............Y.........
.................>....
...................###


You could see a black bear, an ice beast, a hound, a jelly and a white imp.


Message History

😎 MP[+1]
You hit the hound but do no damage. You bite the hound. You drain its power.
You feel invigorated. The hound misses you.
The white imp shouts, "Embrace thy fall, thou beslubbering mumble-news pissant!"
The hound closely misses you. 😎 MP[+3]
Your mp is fully restored (14).
You hit the hound. The hound closely misses you. The hound barely misses you.
You hit the hound but do no damage. Your bite misses the hound.
The hound pauses to sniff the ground.
The hound misses you.
You hit the hound.
You kill the hound!
You block the hound's attack.
You have reached level 8!
You feel stronger.
Your teeth grow very long and razor-sharp. 😎 HP[+4] MP[+1]
You now have 40 max hp (+4).
Your hp is fully restored (40).
Your mp is fully restored (15).
You hit the hound. You bite the hound. You drain its power.
The hound bites you. The hound barely misses you. 😕 HP[-1]
You take 1 damage, and now have 39/40 hp.
You completely miss the hound. The hound bites you.
You closely miss the hound. You bite the hound, but do no damage.
You block the hound's attack. x2 😎 HP[+1]
Your hp is fully restored (40).
You barely miss the hound. The hound barely misses you.
A scorpion comes into view.
The jelly closely misses you. The hound closely misses you.
You hit the hound. The hound bites you. The jelly hits you but does no damage.
You block the hound's attack. 😕 HP[-1]
You take 1 damage, and now have 39/40 hp.
You hit the hound. The hound barely misses you.
You block the jelly's attack. 😎 HP[+1]
Your hp is fully restored (40).
You hit the hound. The hound bites you. The jelly hits you but does no damage.
The hound closely misses you. 😕 HP[-4] MP[-1]
You take 4 damage, and now have 36/40 hp.
You lost 1 mp, and now have 14/15 mp.
You hit the hound. You block the hound's attack.
The jelly hits you but does no damage.
The hound stops to sniff the ground.
The hound bites you.
The jelly completely misses you. 😕 HP[+1] MP[-1]
You lost 1 mp, and now have 13/15 mp.
You hit the hound.
You kill the hound!
The jelly hits you but does no damage. 😕 HP[+2]
You regained 2 hp, and now have 39/40 hp.
You hit the jelly.
Your hands burn!
The jelly hits you.
You are splashed with acid!
The black bear closely misses you. The black bear barely misses you.
You block the black bear's attack. 😕 HP[-8] MP[-2]
You take 8 damage, and now have 31/40 hp.
You lost 2 mp, and now have 11/15 mp.
You hit the jelly. The acid corrodes you!
Your hands burn!
You bite the jelly. You drain its power.
You feel invigorated. The jelly hits you.
You are splashed with acid!
The black bear bites you!
* * * LOW HITPOINT WARNING * * *
The black bear claws you.
* * * LOW HITPOINT WARNING * * *
The black bear claws you.
* * * LOW HITPOINT WARNING * * *
😨 HP[-18] MP[-4]
You take 18 damage, and now have 13/40 hp.
MASSIVE DAMAGE!! (PAUSE)
You lost 4 mp, and now have 7/15 mp.
You hit the jelly but do no damage. The acid corrodes you!
Your hands burn!
* * * LOW HITPOINT WARNING * * *
You block the jelly's attack. The black bear bites you.
* * * LOW HITPOINT WARNING * * *
The black bear claws you.
* * * LOW HITPOINT WARNING * * *
The black bear misses you. 😱 HP[-9] MP[-5]
You take 9 damage, and now have 4/40 hp.
MASSIVE DAMAGE!! (PAUSE)
You lost 5 mp, and now have 2/15 mp.
Casting: Necrotise (safe; 2% risk of failure)
Confirm with . or Enter, or press ? or * to list all spells.
You don't have enough magic to cast this spell.
Magic courses through your body. The jelly hits you.
You are splashed with acid!
* * * LOW HITPOINT WARNING * * *
The black bear barely misses you. The black bear claws you. x2
* * * LOW HITPOINT WARNING * * *
😱 HP[-2] MP[+1]
You take 2 damage, and now have 2/40 hp.
Magic courses through your body. The jelly hits you.
You are splashed with acid!
* * * LOW HITPOINT WARNING * * *
The white imp summons a swarm of flies.
You block the black bear's attack. The black bear claws you. x2
You die...

Skill      XL: |  1  2  3  4  5  6  7 |
---------------+----------------------+-----
Fighting       | 1 2 3 |  3.4
Dodging        | 2 3 |  3.6
Spellcasting   | 3 4 |  4.5
Shields        | 1 2 |  2.8
Necromancy     | 5 |  5.6
Stealth        | |  2.4

Action                   |  1- 3 |  4- 6 |  7- 9 || total
-------------------------+-------+-------+-------++-------
Melee: Club              |    10 |       |       ||    10
       Bite              |    10 |    51 |    37 ||    98
       Unarmed           |     3 |       |       ||     3
       Dagger            |     9 |       |       ||     9
       Short sword       |    14 |   150 |   125 ||   289
 Cast: Necrotise         |    54 |    45 |     7 ||   106
       Vampiric Draining |       |     1 |       ||     1
Invok: Curse Item        |       |       |     1 ||     1
Evoke: Wand              |       |    10 |       ||    10
  Use: Potion            |     1 |       |     2 ||     3
       Scroll            |       |    11 |     2 ||    13
 Stab: Sleeping          |     4 |     2 |       ||     6
Armor: Robe              |     4 |       |       ||     4
       Leather armour    |    13 |    31 |    29 ||    73
Dodge: Dodged            |    49 |    85 |   109 ||   243
Block: Buckler           |       |    20 |    35 ||    55

Levels and vault maps discovered:
D:1:      dpeg_arrival_rhombus, layout_loops_cross, dreamdust_princess_corridor
D:2:      layout_basic, hellmonk_ecumenical_altar_inner_sanctum, uniq_terence,
          uniq_robin
D:3:      layout_basic, grunt_ashenzari_visionary
          [grunt_ashenzari_visionary_shoals, grunt_ashenzari_visionary_spider],
          lemuel_crystal_altar, serial_shops, nicolae_diamond_shop
D:4:      layout_loops_cross, minmay_temple_entry_mist, minmay_puff,
          uniq_grinder
D:5:      layout_basic, old_standard_altar, fedhas_ov_isle_minmay,
          nicolae_hepliaklqana_hippocampus, vehumet_statue,
          gammafunk_temple_overflow_statue
D:6:      layout_basic
Temple:   nicolae_temple_bog_church

Notes
Turn   | Place    | Note
-------+----------+-------------------------------------------
     0 | D:1      | mcwallace the Vine Stalker Necromancer began the quest for
                  | the Orb.
     0 | D:1      | Reached XP level 1. HP: 9/9 MP: 4/4
     0 | D:1      | magus.rc [v1.9.6]
   348 | D:1      | Reached XP level 2. HP: 14/14 MP: 6/6
  1012 | D:1      | Reached skill level 1 in Fighting
  1012 | D:1      | Reached XP level 3. HP: 18/18 MP: 5/7
  1206 | D:2      | Noticed Robin
  1222 | D:1      | HP: 4/18 [goblin/+0 club[Robin] (2)]
  1223 | D:1      | Reached skill level 2 in Dodging
  1248 | D:1      | HP: 4/18 [goblin/+0 club[Robin] (1)]
  1258 | D:1      | HP: 4/18 [goblin/+0 club[Robin] (1)]
  1264 | D:1      | HP: 2/18 [goblin/+0 dagger[Robin] (2)]
  1271 | D:1      | HP: 2/18 [goblin/+0 club[Robin] (1)]
  1798 | D:2      | HP: 3/18 [Robin/goblin (2)]
  2047 | D:2      | Killed Robin
  2048 | D:2      | Gained mutation: Your natural rate of healing is unusually
                  | fast. [Vine Stalker growth]
  2048 | D:2      | Reached XP level 4. HP: 8/22 MP: 0/9
  2496 | D:2      | Found a faded altar of an unknown god.
  3003 | D:2      | Noticed Terence
  3301 | D:3      | Reached skill level 3 in Spellcasting
  3573 | D:3      | Found a broken altar of Ashenzari.
  3854 | D:3      | Found Ikoutin's General Store.
  3860 | D:3      | Bought a scroll of identify for 20 gold pieces
  3860 | D:3      | Bought a scroll of identify for 20 gold pieces
  3860 | D:3      | Bought a +0 buckler for 45 gold pieces
  4039 | D:3      | Found a shimmering blue altar of Sif Muna.
  4254 | D:4      | Reached XP level 5. HP: 25/26 MP: 7/10
  4639 | D:4      | Found a staircase to the Ecumenical Temple.
  4641 | D:4      | You pick up a book of Geomancy and begin reading...
  4641 | D:4      | You add the spells Sandblast, Passwall and Stone Arrow to
                  | your library.
  4651 | Temple   | Entered the Ecumenical Temple
  4972 | D:3      | Saw a vision of the Shoals and the Spider Nest.
  4972 | D:3      | Noticed a sea snake
  4972 | D:3      | Noticed a redback
  4972 | D:3      | Noticed a merfolk siren
  4972 | D:3      | Noticed a redback
  4972 | D:3      | Noticed a hornet
  4972 | D:3      | Noticed a wolf spider
  4972 | D:3      | Noticed a merfolk
  4972 | D:3      | Noticed a merfolk
  4972 | D:3      | Noticed a redback
  4972 | D:3      | Noticed a merfolk
  4973 | D:3      | Noticed a redback
  4973 | D:3      | Noticed a wolf spider
  4974 | D:3      | Noticed a sea snake
  4976 | D:3      | Became a worshipper of Ashenzari the Shackled
  5111 | D:4      | You add the spells Alistair's Intoxication, Borgnjor's Vile
                  | Clutch and Eringya's Noxious Bog to your library.
  5147 | D:4      | Noticed Grinder
  5162 | D:4      | HP: 4/26 [Grinder (3)]
  5167 | D:4      | HP: 5/26 [Grinder (4)]
  5167 | D:4      | HP: 1/26 [Grinder (4)]
  5195 | D:4      | Killed Grinder
  5196 | D:4      | Reached skill level 2 in Fighting
  5196 | D:4      | Reached skill level 1 in Shields
  5196 | D:4      | Reached skill level 5 in Necromancy
  5196 | D:4      | Reached XP level 6. HP: 31/32 MP: 3/12
  5309 | D:4      | Reached skill level 3 in Dodging
  5561 | D:4      | Learned a level 3 spell: Vampiric Draining
  5779 | D:5      | Entered Level 5 of the Dungeon
  5779 | D:5      | Noticed a black bear
  5779 | D:5      | Found a blossoming altar of Fedhas.
  5795 | D:4      | Reached skill level 2 in Shields
  5795 | D:4      | Reached XP level 7. HP: 30/35 MP: 11/13
  5891 | D:5      | Reached skill level 4 in Spellcasting
  5954 | D:5      | Found a radiant altar of Vehumet.
  6043 | D:5      | Found an iron altar of Okawaru.
  6082 | D:5      | Found a burning altar of Makhleb.
  6082 | D:5      | Found a shadowy altar of Dithmenos.
  6148 | D:5      | Reached skill level 3 in Fighting
  6250 | D:5      | Found a hazy altar of Hepliaklqana.
  6606 | D:6      | Gained mutation: You have razor-sharp teeth. [Vine Stalker
                  | growth]
  6606 | D:6      | Reached XP level 8. HP: 40/40 MP: 15/15
  6617 | D:6      | HP: 10/40 [acid (3)]
  6617 | D:6      | HP: 4/40 [black bear (3)]
  6619 | D:6      | HP: 1/40 [acid (2)]
  6619 | D:6      | Slain by a black bear

Vanquished Creatures
  Grinder (D:4)
  A sky beast (D:6)
  A black bear (D:5)
  2 necrophages (D:5)
  2 jellies (D:4)
  An orc priest (D:4)
  3 hounds
  An orc wizard (D:4)
  Robin (D:2)
  4 gnolls (D:4)
  5 adders
  2 worms (D:2)
  A dart slug (D:2)
  9 orcs
  5 endoplasms
  2 giant cockroaches
  17 goblins
  6 hobgoblins
  3 jackals (D:4)
  7 kobolds
  2 quokkas
  9 ball pythons
  A bat (D:3)
  3 frilled lizards
  5 rats
94 creatures vanquished.

Vanquished Creatures (collateral kills)
  2 orcs
  2 goblins
4 creatures vanquished.

Vanquished Creatures (others)
  3 plants (D:5)
3 creatures vanquished.

Grand Total: 101 creatures vanquished

Table legend:
 A = Non-vault XP
 B = Vault XP
 C = Vault XP percentage of total XP
 D = Non-vault monster count
 E = Vault monster count
 F = Vault count percentage of total count
                 A         B        C        D         E       F
            +---------+---------+-------+---------+---------+-------
      Total |     959 |     292 |  23.3 |      82 |      16 |  16.3
            +---------+---------+-------+---------+---------+-------
        D:1 |      35 |      10 |  22.2 |      20 |       5 |  20.0
        D:2 |      39 |      29 |  42.6 |      12 |       8 |  40.0
        D:3 |      29 |       0 |   0.0 |      16 |       0 |   0.0
        D:4 |     314 |     253 |  44.6 |      24 |       3 |  11.1
        D:5 |     325 |       0 |   0.0 |       7 |       0 |   0.0
        D:6 |     217 |       0 |   0.0 |       3 |       0 |   0.0
            +---------+---------+-------+---------+---------+-------

Illustrated notes

Table legend:
 A = Kills in this place as a percentage of kills in entire the game.
 B = Kills by you in this place as a percentage of kills by you in the entire game.
 C = Kills by friends in this place as a percentage of kills by friends in the entire game.
 D = Other kills in this place as a percentage of other kills in the entire game.
 E = Experience gained in this place as a percentage of experience gained in the entire game.
 F = Experience gained in this place divided by the number of levels of this place that you have seen.
                   A       B       C       D       E      F
               +-------+-------+-------+-------+-------+----------------------
         Total | 100.0 | 100.0 | 100.0 |   N/A | 100.0 | 178.7
       Dungeon | 100.0 | 100.0 | 100.0 |   N/A | 100.0 | 208.5
               +-------+-------+-------+-------+-------+----------------------

Table legend: (Time is in decaauts)
 A = Elapsed time spent in this place.
 B = Non-inter-level travel time spent in this place.
 C = Inter-level travel time spent in this place.
 D = Time resting spent in this place.
 E = Time spent auto-exploring this place.
 F = Levels seen in this place.
 G = Mean time per level.
                   A        B        C        D        E       F      G
               +--------+--------+--------+--------+--------+-----+--------+
         Total |   6676 |   6182 |    494 |    387 |   4553 |   7 |  953.7 |
       Dungeon |   6458 |   6020 |    438 |    387 |   4398 |   6 | 1076.3 |
        Temple |    218 |    162 |     56 |      0 |    155 |   1 |  218.0 |
               +--------+--------+--------+--------+--------+-----+--------+

Top non-repeatable levels by time:
     D:1: 1790 daAuts
     D:4: 1461 daAuts
     D:2: 1319 daAuts
     D:3: 1105 daAuts
     D:5: 602 daAuts
  Temple: 218 daAuts
     D:6: 180 daAuts
